 Dungeon Crawl Stone Soup version 0.21-a0-529-g8c7b3f5 (webtiles) character file.

1575 birkhead the Magician (level 8, 0/43 HPs)
             Began as a Deep Elf Fire Elementalist on Dec 11, 2017.
             Succumbed to a worker ant's poison
             ... on level 7 of the Dungeon.
             The game lasted 01:11:01 (4745 turns).

birkhead the Magician (Deep Elf Fire Elementalist)  Turns: 4745, Time: 01:11:02

Health: 0/43       AC:  3    Str:  5    XL:     8   Next: 60%
Magic:  9/18       EV: 15    Int: 23    God:
Gold:   284        SH:  4    Dex: 15    Spells: 2/18 levels left

rFire    + . .     SeeInvis .   F - -2 shortbow (curse)
rCold    x . .     Gourm    .   (shield currently unavailable)
rNeg     . . .     Faith    .   a - +0 robe
rPois    .         Spirit   .   (no helmet)
rElec    .         Reflect  +   (no cloak)
rCorr    .         Harm     .   (no gloves)
MR       .....                  s - +0 pair of boots
Stlth    +++.......             y - +4 amulet of reflection
HPRegen  0.14/turn              i - ring of fire
MPRegen  0.16/turn              (no ring)

@: lethally poisoned (0 -> -1)
A: no striking features
a: no special abilities


You were on level 7 of the Dungeon.
You were hungry.

You visited 1 branch of the dungeon, and saw 7 of its levels.

You collected 284 gold pieces.

Inventory:

Hand Weapons
 e - a +1 short sword
 D - a +0 fustibalus
 F - a cursed -2 shortbow (weapon)
Missiles
 g - 3 tomahawks
 j - 36 poisoned needles
 k - 4 tomahawks of returning
 E - 16 stones
 G - 19 arrows (quivered)
Armour
 a - a +0 robe (worn)
 l - a +3 leather armour
 s - a +0 pair of boots (worn)
Magical Staves
 u - an uncursed staff of cold
Jewellery
 i - a ring of fire (left hand)
 y - a +4 amulet of reflection (around neck)
Wands
 B - a wand of enslavement (11)
Scrolls
 d - 5 scrolls of remove curse
 m - 2 scrolls of blinking
 p - a scroll of teleportation
 r - a scroll of amnesia
 x - a scroll of holy word {unknown}
 z - a scroll of noise {unknown}
 A - a scroll of random uselessness {unknown}
 C - a scroll of identify
Potions
 h - 2 potions of haste
 o - 6 potions of curing
 v - a potion of agility
 H - a potion of resistance {unknown}
Books
 b - a book of Flames

   Spells                             Type                      Level
   a - Flame Tongue                   Conjuration/Fire             1
   b - Throw Flame                    Conjuration/Fire             2
   c - Conjure Flame                  Conjuration/Fire             3
   d - Inner Flame                    Hexes/Fire                   3
   e - Sticky Flame                   Conjuration/Fire             4
   f - Fireball                       Conjuration/Fire             5
 f - a book of Necromancy

   Spells                             Type                      Level
   a - Pain                           Necromancy                   1
   b - Animate Skeleton               Necromancy                   1
   c - Vampiric Draining              Necromancy                   3
   d - Regeneration                   Charms/Necromancy            3
   e - Animate Dead                   Necromancy                   4
   f - Control Undead                 Necromancy                   4
 n - a book of Cantrips

   Spells                             Type                      Level
   a - Confusing Touch                Hexes                        1
   b - Animate Skeleton               Necromancy                   1
   c - Summon Small Mammal            Summoning                    1
   d - Apportation                    Translocation                1
Comestibles
 c - 3 bread rations
 q - 3 royal jellies
 t - 3 meat rations
 w - 2 fruits


   Skills:
 - Level 1.1 Fighting
 - Level 1.3 Short Blades
 + Level 2.6 Staves
 - Level 1.5 Throwing
 - Level 1.0 Armour
 + Level 5.2 Dodging
 + Level 5.4 Stealth
 + Level 5.8 Spellcasting
 + Level 4.2 Conjurations
 + Level 2.4 Hexes
 + Level 2.5 Charms
 + Level 2.0 Necromancy
 + Level 5.2 Fire Magic
 + Level 2.9 Evocations


You had 2 spell levels left.
You knew the following spells:

 Your Spells              Type           Power        Failure   Level  Hunger
a - Flame Tongue          Conj/Fire      #####        1%          1    None
b - Throw Flame           Conj/Fire      #####.       1%          2    None
c - Conjure Flame         Conj/Fire      #####...     3%          3    #......
d - Sticky Flame          Conj/Fire      #####...     12%         4    ###....
e - Inner Flame           Hex/Fire       #####...     5%          3    #......
f - Regeneration          Chrm/Necr      ###.......   10%         3    #......


Dungeon Overview and Level Annotations

Branches:
Dungeon (7/15)
 Temple: D:4-7

Altars:
Dithmenos
Gozag
Qazlal
Wu Jian

Annotations:
D:6 Menkaure


Message History

Found a scroll labeled MYUNEDDUMEC.
H - a bubbling green potion You feel sick.
A centaur zombie comes into view.
A centaur comes into view.
You feel sick.
Casting: Flame Tongue
Confirm with . or Enter, or press ? or * to list all spells.
Aiming: Flame Tongue
Press: ? - help, Shift-Dir - straight line, f - centaur
Aim: a centaur (hasn't noticed you)
You feel a surge of power!
The flame tongue hits the centaur.
The centaur is lightly wounded.
The centaur shouts!
The centaur wields a shortbow.
The centaur shoots an arrow.
The arrow hits you!
* * * LOW HITPOINT WARNING * * *
Okay, then.
The centaur shoots an arrow.
The arrow closely misses you.
You see here an arrow.
You die...

...# #....##c#
#..###.#..##.#
#......#..##?#
#..#......##.# #..#
#....##c#######.
#..###...............
#.......(............
##.####(############Z
#.####@# #......#
######## ##..#####
#..<...# #####...####
#.####.# #...[......#
#.# #.###.#.##.# #!#
#.# #.#.##.#
#(####.## #.#
#.#.##.####........
#.#
#.#.........####...


There were no monsters in sight!

Vanquished Creatures
  Eustachio (D:5)
  The ghost of Doomer the Magician, an amateur DEFE (D:3)
  A sky beast (D:6)
  A necrophage (D:6)
  A phantom (D:6)
  An ogre (D:5)
  3 centaurs
  3 bullfrogs (D:6)
  A scorpion (D:4)
  A howler monkey (D:5)
  A hound (D:6)
  2 jellies
  2 orc priests
  A bullfrog skeleton (D:6)
  2 orc wizards
  An iguana (D:5)
  2 worker ants
  3 adders
  4 shadow imps (D:5)
  An ooze (D:2)
  An adder zombie (D:6)
  An adder skeleton (D:5)
  3 worms
  2 dart slugs (D:1)
  4 leopard geckos
  20 orcs
  A ball python (D:1)
  A giant cockroach (D:2)
  7 goblins
  3 hobgoblins
  2 quokkas
  4 bats
  2 frilled lizards (D:1)
  A jackal skeleton (D:5)
  9 kobolds
  4 rats
98 creatures vanquished.

Notes
Turn   | Place    | Note
-------+----------+-------------------------------------------
     0 | D:1      | birkhead the Deep Elf Fire Elementalist began the quest for the Orb.
     0 | D:1      | Reached XP level 1. HP: 10/10 MP: 6/6
   338 | D:1      | Reached XP level 2. HP: 9/15 MP: 6/8
   344 | D:1      | Learned a level 2 spell: Throw Flame
  1093 | D:2      | Reached XP level 3. HP: 19/19 MP: 1/9
  1349 | D:2      | Found a shadowy altar of Dithmenos.
  1517 | D:3      | Noticed Doomer's ghost (amateur DEFE)
  1535 | D:3      | Learned a level 3 spell: Conjure Flame
  1834 | D:3      | Killed Doomer's ghost
  1834 | D:3      | Reached skill level 1 in Fighting
  1834 | D:3      | Reached skill level 1 in Short Blades
  1834 | D:3      | Reached XP level 4. HP: 15/25 MP: 0/11
  1834 | D:3      | Reached XP level 5. HP: 18/29 MP: 0/12
  1839 | D:3      | Found a faded altar of an unknown god.
  2157 | D:3      | Found an opulent altar of Gozag.
  2707 | D:3      | Learned a level 4 spell: Sticky Flame
  2842 | D:4      | Reached skill level 1 in Throwing
  2842 | D:4      | Reached XP level 6. HP: 28/34 MP: 12/14
  2888 | D:4      | You fall through a shaft!
  2888 | D:5      | Entered Level 5 of the Dungeon
  2980 | D:5      | Noticed Eustachio
  2993 | D:5      | Killed Eustachio
  2993 | D:5      | Reached skill level 1 in Armour
  2993 | D:5      | Reached skill level 1 in Evocations
  2993 | D:5      | Reached XP level 7. HP: 33/38 MP: 0/16
  3029 | D:5      | Learned a level 3 spell: Inner Flame
  3223 | D:4      | Reached skill level 1 in Staves
  3685 | D:5      | Reached skill level 5 in Spellcasting
  3817 | D:5      | Learned a level 3 spell: Regeneration
  4214 | D:6      | Found an ornate altar of the Wu Jian Council.
  4275 | D:6      | Reached skill level 1 in Charms
  4275 | D:6      | Reached XP level 8. HP: 35/43 MP: 14/17
  4309 | D:6      | Reached skill level 5 in Stealth
  4309 | D:6      | Reached skill level 1 in Hexes
  4309 | D:6      | Reached skill level 1 in Necromancy
  4324 | D:6      | Reached skill level 5 in Fire Magic
  4474 | D:6      | Reached skill level 5 in Dodging
  4500 | D:6      | Found a stormy altar of Qazlal.
  4611 | D:6      | Noticed Menkaure
  4743 | D:7      | HP: 1/43 [centaur/arrow (9)]
  4745 | D:7      | Succumbed to a worker ant's poison

Vault maps used:
D:1:      evilmike_arrival_rings
D:2:      nicolae_overflow_hidden_temple, nrook_mini_backslash
D:3:      chequers_ecumenical_altar_simple, minivault_5,
          nicolae_gozag_cash_rules_everything_around_me
D:4:      first_bread
D:5:      supply_closet_lemuel, uniq_eustachio
D:6:      kennysheep_mini, nicolae_qazlal_general_emergency, uniq_sigmund,
          uniq_menkaure
D:7:      kennysheep_mini_moat, temple_green

Skill      XL: |  1  2  3  4  5  6  7  8 |
---------------+-------------------------+-----
Dodging        | 3 4 5 |  5.2
Fighting       | 1 |  1.1
Short Blades   | 1 |  1.3
Stealth        | 3 4 5 |  5.4
Conjurations   | 2 3 4 |  4.2
Spellcasting   | 4 5 |  5.8
Fire Magic     | 4 5 |  5.2
Throwing       | 1 |  1.5
Armour         | 1 |  1.0
Evocations     | 1 2 |  2.9
Staves         | 2 |  2.6
Charms         | 1 2 |  2.5
Hexes          | 2 |  2.4
Necromancy     | 2 |  2.0

Action                   |  1- 3 |  4- 6 |  7- 9 || total
-------------------------+-------+-------+-------++-------
Melee: Dagger            |    21 |       |       ||    21
       Unarmed           |     1 |       |       ||     1
       Short sword       |    41 |    36 |    66 ||   143
       Staff             |       |       |    13 ||    13
Throw: Tomahawk          |       |     2 |     9 ||    11
 Cast: Flame Tongue      |    48 |    32 |    87 ||   167
       Throw Flame       |    12 |    23 |    12 ||    47
       Inner Flame       |       |       |     1 ||     1
  Use: Scroll            |     7 |     2 |     1 ||    10
       Potion            |     4 |       |       ||     4
 Stab: Sleeping          |     7 |     4 |     4 ||    15
  Eat: Chunk             |     1 |     4 |     5 ||    10
       Royal jelly       |     1 |       |       ||     1
Armor: Robe              |    11 |     6 |    18 ||    35
Dodge: Dodged            |    50 |    52 |    85 ||   187
Block: Other             |       |       |    10 ||    10

Table legend:
 A = Spawn XP
 B = Non-spawn XP
 C = Spawn XP percentage of total XP
 D = Spawn monster count
 E = Non-spawn monster count
 F = Spawn count percentage of total count
 G = Total turns spent on level
                    A         B        C        D         E        F      G
               +---------+---------+-------+---------+---------+-------+---------
         Total |       0 |    2250 |   0.0 |       0 |      98 |   0.0 |  4745
               +---------+---------+-------+---------+---------+-------+---------
           D:1 |       0 |      32 |   0.0 |       0 |      19 |   0.0 |   951
           D:2 |       0 |      34 |   0.0 |       0 |      14 |   0.0 |  1028
           D:3 |       0 |     292 |   0.0 |       0 |      21 |   0.0 |   704
           D:4 |       0 |     148 |   0.0 |       0 |       8 |   0.0 |   572
           D:5 |       0 |     693 |   0.0 |       0 |      16 |   0.0 |   865
           D:6 |       0 |     866 |   0.0 |       0 |      17 |   0.0 |   527
           D:7 |       0 |     185 |   0.0 |       0 |       3 |   0.0 |    98
               +---------+---------+-------+---------+---------+-------+---------
